 Dungeon Sprint DCSS version 0.31-a0-846-gb3bcc0d938 (webtiles) character file.

Game seed: 12521898519895590605

4084 sircluck the Grappler (level 10, -2/115 HPs)
             Began as a Troll Berserker on Oct 3, 2023.
             Was a High Priest of Trog.
             Slain by an unseen horror (6 damage)
             ... in the Dungeon (Sprint I: "Red Sonja").
             The game lasted 00:03:10 (625 turns).

sircluck the Grappler (Troll Berserker)              Turns: 625, Time: 00:03:11

Health: -2/115     AC:  5    Str: 31    XL:     10   Next: 5%
Magic:  9/9        EV: 12    Int:  3    God:    Trog [*****.]
Gold:   759        SH:  0    Dex:  9    Spells: 9/9 levels left

rFire   . .          .
                       - Unarmed
rCold   . . .        (no shield)
rNeg    . . .        m - +0 troll leather armour
rPois   .            (helmet restricted)
rElec   .            (no cloak)
rCorr   .            (gloves unavailable)
SInv    .            (boots unavailable)
Will    .....        (no amulet)
Stlth   +            (no ring)
HPRegen 1.99/turn    (no ring)
MPRegen 0.11/turn

%: no teleportation
@: no status effects
A: large, unfitting armour, claws 3, regeneration 1, shaggy fur 1, tough skin 1
a: Renounce Religion, Berserk, Trog's Hand, Brothers in Arms


You were in the Dungeon.
You worshipped Trog.
Trog was extremely pleased with you.
You visited 1 branch You collected 759 gold pieces.

Inventory:

Armour
 a - a +0 animal skin
 i - a +1 robe
 m - a +0 troll leather armour (worn)
Wands
 h - a wand of paralysis (9)
Scrolls
 c - a scroll of enchant armour {unknown}
 k - 2 scrolls of identify {unknown}
 l - a scroll of vulnerability {unknown}
Potions
 d - a potion of haste
 e - 2 potions of magic
 f - a potion of berserk rage
 j - a potion of degeneration {unknown}
 n - 2 potions of enlightenment {unknown}


   Skills:
 + Level 12.0 Fighting
 + Level 11.8 Dodging
 + Level 13.9 Unarmed Combat


You had 9 spell levels left.
You didn't know any spells.
Your spell library was empty.

Dungeon Overview and Level Annotations

Branches:
Dungeon (1/1)

Altars:
Cheibriados
Dithmenos
Elyvilon
Fedhas
Gozag
Hepliaklqana
Kikubaaqudgha
Makhleb
Nemelex Xobeh
Okawaru
Qazlal
Ru
Sif Muna
Trog
Uskayaw
Vehumet
Wu Jian
Xom
Yredelemnul
Zin
The Shining One
Jiyva
Lugonu

Shops:
D :[


Innate Abilities, Weirdness & Mutations

You are too large for most types of armour.
You have claws for hands.
Your natural rate of healing is unusually fast.
You are covered in fur. (AC +1)
You have tough skin. (AC +1)


Message History

You miss something. Something completely misses you. Something hits you.
You see here a redback corpse.
Something hits you. x2
Something hits you. Something hits you but does no damage. Something hits you.
Something hits you but does no damage. x2
Something hits you. Something hits you! Something hits you but does no damage.
You closely miss something. Your claw misses something. Something hits you. x2
Something hits you but does no damage. Something hits you.
* * * LOW HITPOINT WARNING * * *
Something hits you!
* * * LOW HITPOINT WARNING * * *
Something hits you!
* * * LOW HITPOINT WARNING * * *
Something hits you.
* * * LOW HITPOINT WARNING * * *
You scratch something. Something hits you.
* * * LOW HITPOINT WARNING * * *
Something hits you.
* * * LOW HITPOINT WARNING * * *
Something hits you.
* * * LOW HITPOINT WARNING * * *
Something hits you but does no damage.
Blink to where?
Press: ? - help, Q - select action, (/) - cycle Dir - move target
As you read the scroll of blinking, it crumbles to dust.
Something hits you.
* * * LOW HITPOINT WARNING * * *
Something completely misses you.
You barely miss something. Something hits you.
* * * LOW HITPOINT WARNING * * *
Which direction?
Something is blocking the doorway!
Something hits you.
* * * LOW HITPOINT WARNING * * *
You feel better. Something hits you!
* * * LOW HITPOINT WARNING * * *
Unknown command.
Something hits you but does no damage. Something hits you.
You die...

.#..'..#__#..)...#
.').#..'..'..#)..#
'#####'#__####...+
.#...#.####§§#####
##..##.#~~~§§#§.#
_##'#_.')~§.§§§.#
..'..._#§§§§§#..#
_##_.#'##§#####{###
_###+#.#[§§§###.@.#
## ####§###[###.#
+.....'.∩##.#
###########.#
......{##.#
........§†#
++.######§#
.....§§§#§#
.......#§.#


There were no monsters in sight!

Vanquished Creatures
  2 centaur warriors (D)
  A deep troll (D)
  An oklob plant (D)
  2 kobold demonologists (D)
  A hornet (D)
  A slime creature (D)
  Sigmund (D)
  A yak (D)
  2 redbacks (D)
  2 floating eyes (D)
  An ogre (D)
  8 jellies (D)
  Ijyb (D)
24 creatures vanquished.

Notes
Turn   | Place    | Note
-------+----------+-------------------------------------------
     0 | D        | sircluck the Troll Berserker began the quest for the Orb.
     0 | D        | Reached XP level 1. HP: 22/22 MP: 0/0
     1 | D        | Noticed Ijyb
     9 | D        | Killed Ijyb
    10 | D        | Reached skill level 4 in Unarmed Combat
    10 | D        | Reached XP level 2. HP: 26/32 MP: 1/1
    19 | D        | Noticed an ogre
    24 | D        | Killed an ogre
    25 | D        | Reached skill level 5 in Fighting
    25 | D        | Reached skill level 5 in Dodging
    25 | D        | Reached skill level 6 in Unarmed Combat
    25 | D        | Reached XP level 3. HP: 14/42 MP: 2/2
    25 | D        | Reached XP level 4. HP: 17/50 MP: 3/3
    65 | D        | Noticed Sigmund
    72 | D        | Killed Sigmund
    72 | D        | Reached ** piety under Trog
    73 | D        | Reached skill level 7 in Unarmed Combat
    73 | D        | Reached XP level 5. HP: 49/61 MP: 4/4
    97 | D        | Found an ornate altar of the Wu Jian Council.
    97 | D        | Found a shimmering blue altar of Sif Muna.
    99 | D        | Found a radiant altar of Vehumet.
   102 | D        | Reached skill level 8 in Unarmed Combat
   102 | D        | Reached XP level 6. HP: 68/68 MP: 5/5
   109 | D        | Found a burning altar of Makhleb.
   109 | D        | Found a viscous altar of Jiyva.
   109 | D        | Found a shimmering altar of Xom.
   109 | D        | Found a corrupted altar of Lugonu.
   109 | D        | Noticed a slime creature
   115 | D        | Killed a slime creature
   116 | D        | Reached skill level 9 in Unarmed Combat
   161 | D        | Noticed a kobold demonologist
   161 | D        | Noticed a floating eye
   161 | D        | Noticed a kobold demonologist
   162 | D        | Paralysed by a floating eye for 2 turns
   164 | D        | Killed a floating eye
   164 | D        | Reached *** piety under Trog
   165 | D        | Reached XP level 7. HP: 79/79 MP: 6/6
   168 | D        | Noticed a red devil
   170 | D        | Killed a kobold demonologist
   171 | D        | Reached skill level 10 in Unarmed Combat
   171 | D        | Noticed an orange demon
   172 | D        | Noticed a red devil
   180 | D        | Killed a kobold demonologist
   181 | D        | Reached XP level 8. HP: 22/92 MP: 7/7
   220 | D        | Found Oklujag's Book Emporium.
   220 | D        | Found an ancient bone altar of Kikubaaqudgha.
   220 | D        | Found a hazy altar of Hepliaklqana.
   220 | D        | Found a stormy altar of Qazlal.
   220 | D        | Found a hide-covered altar of Uskayaw.
   220 | D        | Found a blossoming altar of Fedhas.
   220 | D        | Found a bloodstained altar of Trog.
   220 | D        | Found an iron altar of Okawaru.
   220 | D        | Found a basalt altar of Yredelemnul.
   220 | D        | Found a glowing golden altar of the Shining One.
   220 | D        | Found a snail-covered altar of Cheibriados.
   220 | D        | Found a sacrificial altar of Ru.
   220 | D        | Found a glowing silver altar of Zin.
   220 | D        | Found a shadowy altar of Dithmenos.
   220 | D        | Found a white marble altar of Elyvilon.
   222 | D        | Found an opulent altar of Gozag.
   226 | D        | Reached **** piety under Trog
   227 | D        | Reached skill level 11 in Unarmed Combat
   270 | D        | Found a sparkling altar of Nemelex Xobeh.
   289 | D        | Noticed a centaur warrior
   289 | D        | Noticed a centaur warrior
   298 | D        | Killed a centaur warrior
   299 | D        | Reached skill level 10 in Fighting
   299 | D        | Reached skill level 10 in Dodging
   304 | D        | Killed a centaur warrior
   305 | D        | Reached skill level 12 in Unarmed Combat
   305 | D        | Reached XP level 9. HP: 33/102 MP: 8/8
   371 | D        | Noticed a deep troll
   374 | D        | Killed a deep troll
   375 | D        | Reached skill level 13 in Unarmed Combat
   433 | D        | Found Hurut's Armour Emporium.
   467 | D        | Noticed an oklob plant
   472 | D        | Killed an oklob plant
   472 | D        | Reached ***** piety under Trog
   525 | D        | Reached XP level 10. HP: 115/115 MP: 9/9
   530 | D        | Received a gift from Trog
   620 | D        | HP: 3/115 [something (5)]
   623 | D        | HP: 1/115 [something (6)]
   625 | D        | Slain by an unseen horror

Illustrated notes

Levels and vault maps discovered:
D:        dungeon_sprint_1 [red_sonja_temple_1, red_sonja_temple_small_1]

Skill      XL: |  1  2  3  4  5  6  7  8  9 10 |
---------------+-------------------------------+-----
Fighting       | 3 5 6 7 9 10 11 12 | 12.0
Dodging        | 3 5 6 7 9 10 11 | 11.8
Unarmed Combat | 4 6 7 8 9 10 12 13 | 13.9

Action                     |  1- 3 |  4- 6 |  7- 9 | 10-12 || total
---------------------------+-------+-------+-------+-------++-------
  Melee: Unarmed           |    11 |    13 |    44 |    25 ||    93
         Punch             |     1 |     1 |     1 |     2 ||     5
 Invoke: Berserk           |       |     1 |     2 |       ||     3
    Use: Potion            |       |       |     1 |     1 ||     2
         Scroll            |       |       |       |     1 ||     1
 Armour: Animal skin       |     6 |     4 |       |       ||    10
         Robe              |       |     2 |    42 |       ||    44
         Troll leather arm |       |       |     2 |    59 ||    61
  Dodge: Dodged            |     2 |     2 |    31 |     7 ||    42

Table legend: (Time is in decaauts)
 A = Elapsed time spent in this place.
 B = Non-inter-level travel time spent in this place.
 C = Inter-level travel time spent in this place.
 D = Time resting spent in this place.
 E = Time spent auto-exploring this place.
 F = Levels seen in this place.
 G = Mean time per level.
                   A        B        C        D        E       F      G
               +--------+--------+--------+--------+--------+-----+--------+
         Total |    628 |    619 |      9 |    191 |    101 |   1 |  628.0 |
       Dungeon |    628 |    619 |      9 |    191 |    101 |   1 |  628.0 |
               +--------+--------+--------+--------+--------+-----+--------+

Top non-repeatable levels by time:
       D: 628 daAuts
